 Dungeon Crawl Stone Soup version 0.30-b1-2-g02819fbbbe (webtiles) character file.

Game seed: 1905506192801683436

62 pg42 the Sneak (level 3, -2/27 HPs)
             Began as a Vampire Brigand on Nov 9, 2023.
             Slain by a sleepcap (7 damage)
             ... on level 4 of the Dungeon.
             The game lasted 00:10:53 (1531 turns).

pg42 the Sneak (Vampire Brigand)                    Turns: 1531, Time: 00:10:53

Health: -2/27      AC:  3    Str: 10    XL:     3   Next: 85%
Magic:  3/3        EV: 12    Int: 13    God:
Gold:   145        SH:  0    Dex: 17    Spells: 2/2 levels left

rFire   . . .        o - +1 short sword (vamp)
rCold   . . .        (no shield)
rNeg    . . .        b - +0 robe
rPois   .            (no helmet)
rElec   .            c - +0 cloak
rCorr   .            (no gloves)
SInv    +            (no boots)
Will    .....        g - amulet of regeneration
Stlth   ++++         (no ring)
HPRegen 1.24/turn    (no ring)
MPRegen 0.08/turn

%: no passive effects
@: about to teleport, healing quickly
A: alive, fangs 3, see invisible, vampiric 2
a: Exsanguinate


You were on level 4 of the Dungeon.
You visited 1 branch of the dungeon, and saw 4 of its levels.

You collected 145 gold pieces.

Inventory:

Hand Weapons
 a - a +2 dagger
 o - a +1 vampiric short sword (weapon)
Missiles
 d - 14 poisoned darts (quivered)
 e - 3 curare-tipped darts
 i - 4 datura-tipped darts
Armour
 b - a +0 robe (worn)
 c - a +0 cloak (worn)
Magical Staves
 h - a staff of air
Jewellery
 g - an amulet of regeneration (around neck)
Scrolls
 j - 3 scrolls of teleportation
 k - a scroll of poison
 m - a scroll of fog {unknown}
Potions
 f - a potion of curing
 l - a potion of resistance {unknown}
 n - 2 potions of degeneration {unknown}
 p - a potion of brilliance {unknown}


   Skills:
 + Level 2.1 Fighting
 + Level 2.7 Short Blades
 + Level 1.6 Throwing
 + Level 1.4 Dodging
 + Level 7.5 Stealth


You had 2 spell levels left.
You didn't know any spells.
Your spell library contained the following spells:

 Spells                   Type           Power      Damage    Failure   Level
 Passage of Golubria      Tloc           0%         N/A       97%         4
 Silence                  Hex/Air        0%         N/A       100%        5
 Lehudib's Crystal Spear  Conj/Erth      0%         10d2      100%        8


Dungeon Overview and Level Annotations

Branches:
Dungeon (3/15)

Altars:
Nemelex Xobeh

Shops:
D:1 [


Innate Abilities, Weirdness & Mutations

Your natural rate of healing is accelerated.
You have razor-sharp teeth.
You have supernaturally acute eyesight. (SInv)
You are afflicted with vampirism and can become a bat while bloodless.


Message History

You now have 145 gold pieces (gained 16).
Found a stone staircase leading down.
Found 12 gold pieces.
A quokka comes into view.
Found a ring mail and 2 emerald potions.
You see here a red potion.
p - a red potion The quokka twitches its whiskers.
A sleepcap comes into view.
The quokka bites you.
You closely miss the quokka. The quokka barely misses you.
You hit the quokka. Your bite misses the quokka.
The quokka is almost dead.
The quokka closely misses you.
You hit the quokka but do no damage.
The quokka is almost dead.
The quokka bites you.
You closely miss the quokka.
The quokka is almost dead.
The quokka barely misses you.
You hit the quokka.
You kill the quokka!
You hit the sleepcap.
The sleepcap is lightly damaged.
The sleepcap releases spores at you.
You are engulfed in a cloud of soporific spores!
You fall asleep.
The sleepcap releases spores at you!!
You wake up.
Ouch! That really hurt!
* * * LOW HITPOINT WARNING * * *
You feel better. The sleepcap releases spores at you.
* * * LOW HITPOINT WARNING * * *
You are engulfed in a cloud of soporific spores!
You are unaffected.
As you read the scroll of teleportation, it crumbles to dust.
You feel strangely unstable. The sleepcap closely misses you.
The sleepcap attacks as you move away! The sleepcap releases spores at you!
* * * LOW HITPOINT WARNING * * *
The sleepcap attacks as you move away! The sleepcap releases spores at you!
You die...

#..#.# .#. #..#.###....
#..#.#...... #....[..#!..
#...........
#.####..#...$....
...........>.#
#.@#..#.##.# #..f.......#
.......#..#.##.#
.#.#####..#.##.# # .. .##
#.......# #<###.
#.####.#.#### #.# .....#
#...^..#.####....#
......###.♣..###......#
.......#....####.####.....


You could see a sleepcap.

Vanquished Creatures
  2 worms (D:2)
  2 dart slugs (D:1)
  4 bats
  2 endoplasms (D:2)
  2 giant cockroaches
  8 hobgoblins
  7 kobolds
  4 quokkas
  5 ball pythons
  A frilled lizard (D:2)
  6 goblins
  3 rats (D:1)
46 creatures vanquished.

Vanquished Creatures (others)
  2 demonic plants (D:2)
2 creatures vanquished.

Grand Total: 48 creatures vanquished

Notes
Turn   | Place    | Note
-------+----------+-------------------------------------------
     0 | D:1      | pg42 the Vampire Brigand began the quest for the Orb.
     0 | D:1      | Reached XP level 1. HP: 16/16 MP: 1/1
    33 | D:1      | Reached skill level 6 in Stealth
   110 | D:1      | Reached XP level 2. HP: 22/22 MP: 2/2
   206 | D:1      | Found Wedat's Armour Shop.
   559 | D:1      | Reached skill level 7 in Stealth
   559 | D:1      | Gained mutation: You are afflicted with vampirism and can
                  | become a bat while bloodless. [Vampire growth]
   559 | D:1      | Reached XP level 3. HP: 27/27 MP: 3/3
   923 | D:2      | Found a faded altar of an unknown god.
   923 | D:2      | Noticed a hell beast
  1437 | D:3      | You fall into a shaft and drop 1 floor!
  1485 | D:4      | Found a sparkling altar of Nemelex Xobeh.
  1531 | D:4      | Slain by a sleepcap

Illustrated notes

Levels and vault maps discovered:
D:1:      lemuel_arrival_room, layout_loops_cross, serial_shops, shop,
          minmay_misc_feat_tiny, minmay_pentomino_r2
D:2:      layout_basic, dreamdust_ecumenical_altar_sealed_demon
D:3:      layout_basic, old_standard_altar, nicolae_wu_jian_wuxing_cycle
D:4:      layout_loops_ring, mainiacjoe_overflow_tiny_flanked,
          makhleb_blood_cavern_becter

Skill      XL: |  1  2 |
---------------+-------+-----
Stealth        | 6 7 |  7.5
Fighting       | 2 |  2.1
Short Blades   | |  2.7
Throwing       | |  1.6
Dodging        | |  1.4

Action                     || total
---------------------------++-------
  Melee: Dagger            ||   119
         Bite              ||    12
         Short sword       ||     8
    Use: Scroll            ||     4
         Potion            ||     1
   Stab: Sleeping          ||    18
 Armour: Robe              ||    24
  Dodge: Dodged            ||    59
